 Dungeon Crawl Stone Soup version 0.15.1-4-gac8487e (webtiles) character file.

2433 Johnny the Chiller (level 9, 0/63 (71) HPs)
             Began as a Demigod Ice Elementalist on Oct 14, 2014.
             Slain by an orc warrior
             ... wielding a +0 glaive
              (19 damage)
             ... on Level 6 of the Dungeon.
             The game lasted 00:17:28 (8762 turns).

Johnny the Chiller (Demigod Ice Elementalist)       Turns: 8762, Time: 00:17:28

HP   0/63 (71)   AC 14     Str 12      XL: 9   Next:  4%
MP   4/23        EV  9     Int 25      God:
Gold 341         SH  0     Dex 18      Spells:  2 memorised, 11 levels left

rFire  . . .     SeeInvis .     o - +1 cutlass (protect)
rCold  + . .     Clarity  .     k - +0 ring mail
rNeg   . . .     rCorr    .     (no shield)
rPois  .         rRot     .     (no helmet)
rElec  .         Spirit   .     q - +0 cloak
SustAb .         Warding  .     B - +2 pair of gloves
rMut   .         Stasis   .     (no boots)
Gourm  +                        v - amulet of the gourmand
MR     .....                    F - +2 ring of intelligence
                                e - ring of protection from cold

@: very slightly contaminated, drained, not resistant to hostile enchantments,
unstealthy
A: no striking features
a: no special abilities


You were on level 6 of the Dungeon.
You were not hungry.

You visited 1 branch of the dungeon, and saw 6 of its levels.

You collected 488 gold pieces.
You spent 147 gold pieces at shops.

Inventory:

Hand weapons
 o - a +1 cutlass of protection (weapon)
 y - a +2 vampiric hand axe
 E - a +0 club
Armour
 k - a +0 ring mail (worn)
 q - a +0 cloak (worn)
 B - a +2 pair of gloves (worn)
Magical devices
 d - a wand of polymorph (13) {unknown}
 z - a wand of confusion (11)
 A - a wand of paralysis (11)
 C - a wand of slowing (6)
Comestibles
 c - 5 bread rations
 i - a slice of pizza
 j - 3 meat rations
Scrolls
 a - 4 scrolls of magic mapping
 f - 5 scrolls of remove curse
 r - a scroll of amnesia
 u - a scroll of teleportation
 w - a scroll of summoning {unknown}
 x - 2 scrolls of fog
Jewellery
 e - a ring of protection from cold (left hand)
 g - an uncursed amulet of resist corrosion
 v - an amulet of the gourmand (around neck)
 F - a +2 ring of intelligence (right hand)
Potions
 h - a potion of agility {unknown}
 l - a potion of degeneration {unknown}
 n - a potion of magic
 p - 2 potions of restore abilities
 s - 2 potions of might {unknown}
 t - 3 potions of poison {unknown}
Books
 b - a book of Frost

   Spells                             Type                      Level
   *Freeze                            Ice                          1
   Throw Frost                        Conjuration/Ice              2
   Ozocubu's Armour                   Charms/Ice                   3
   Throw Icicle                       Conjuration/Ice              4
   *Summon Ice Beast                  Ice/Summoning                4
   Condensation Shield                Ice                          4
 m - a book of Callings

   Spells                             Type                      Level
   Summon Small Mammal                Summoning                    1
   Call Imp                           Summoning                    2
   Call Canine Familiar               Summoning                    3
   Summon Guardian Golem              Hexes/Summoning              4
   Summon Lightning Spire             Summoning/Air                4
   *Summon Ice Beast                  Ice/Summoning                4
 D - a book of Transfigurations

   Spells                             Type                      Level
   Stoneskin                          Transmutation/Earth          2
   Ice Form                           Ice/Transmutation            4
   Statue Form                        Transmutation/Earth          6
   Dragon Form                        Transmutation                7


   Skills:
 * Level 3.9(3.0) Fighting
 * Level 3.9(3.0) Short Blades
 + Level 3.2(2.3) Armour
 + Level 3.2(2.3) Dodging
 + Level 3.7(2.7) Stealth
 * Level 4.3(3.3) Spellcasting
   Level 0.8(0.0) Conjurations
 * Level 4.0(3.1) Summonings
 * Level 5.1(4.1) Ice Magic
 + Level 2.7(1.8) Evocations


You had 11 spell levels left.
You knew the following spells:

 Your Spells              Type           Power        Failure   Level  Hunger
a - Freeze                Ice            ###.         2%          1    None
b - Summon Ice Beast      Ice/Summ       ###.....     38%         4    ####...


Dungeon Overview and Level Annotations

Branches:
Dungeon (6/15)             Temple (0/1) D:6

Shops:
D:5 *


Message History

Confirm with . or Enter, or press ? or * to list all spells.
A chill wind blows around you. The orc hits you but does no damage.
The orc warrior hits you from afar with a glaive!!
* * * LOW HITPOINT WARNING * * *
Your ice beast hits the orc warrior but does no damage.
Your ice beast hits the orc warrior but does no damage.
Your ice beast barely misses the orc warrior.
The orc priest hits your ice beast but does no damage.
Casting: Summon Ice Beast
Confirm with . or Enter, or press ? or * to list all spells.
You don't know that spell.
Unknown command.
The orc hits you but does no damage.
Things that are here:
a flail; a leather armour
Casting: Summon Ice Beast
Confirm with . or Enter, or press ? or * to list all spells.
A chill wind blows around you.
The orc warrior hits you from afar with a glaive!!
You die...

#...........# #...# ##..##
###########.####.## #....#
#....>.### #....#
###......### #.....
#..........# #....#
#.......%).# ##..##
#.....<.)).#####..##
#######....Y..)...........
#...oo.o.@.......#####..##
#o#####..........# #..#
#ยง# ############ ##.#
#o####...... #.##
#Y##8..8..8. #)..
#(#)./....... #..#
#)o)YYo..oo.. #..#
###)..o.o.... #...
##8..8o.8. #..#


You could see 2 orc warriors, an orc priest, an orc and a friendly ice beast.

Vanquished Creatures
  Pikel (D:5)
  A slave (D:4)
  A sky beast (D:5)
  2 ogres
  3 centaurs (D:6)
  Sigmund (D:2)
  5 scorpions
  A centaur zombie (D:5)
  A crimson imp (D:5)
  A jelly (D:5)
  A giant frog skeleton (D:5)
  A hound (D:5)
  An iron imp (D:4)
  6 worker ants
  An iguana (D:4)
  4 orc wizards
  A hound zombie (D:5)
  2 gnolls (D:6)
  4 adders
  A shadow imp (D:6)
  3 ufetubi
  An adder skeleton (D:6)
  An adder zombie (D:6)
  An ooze (D:2)
  25 orcs
  4 ball pythons
  A bat skeleton (D:6)
  A bat zombie (D:6)
  5 giant cockroaches
  20 goblins
  12 hobgoblins
  4 jackals (D:2)
  2 quokkas
  18 bats
  2 giant geckos
  5 giant newts
  A giant newt skeleton (D:5)
  A hobgoblin zombie (D:6)
  15 kobolds
  14 rats
175 creatures vanquished.

Vanquished Creatures (collateral kills)
  An ice beast (D:5)
  2 necrophages (D:5)
  An ogre (D:6)
  A slave (D:5)
  2 big kobolds (D:6)
  A quasit (D:6)
  An electric eel (D:6)
  A hound (D:6)
  3 orc priests (D:5)
  A jelly (D:6)
  2 orc wizards (D:6)
  An ogre zombie (D:5)
  Ijyb (D:6)
  A worker ant zombie (D:6)
  12 gnolls (D:6)
  An orc skeleton (D:6)
  A worm (D:6)
  4 ufetubi (D:6)
  An iguana zombie (D:6)
  8 orcs
  A bat (D:6)
  18 goblins (D:6)
  15 hobgoblins (D:6)
  A goblin zombie (D:6)
  A hobgoblin zombie (D:6)
82 creatures vanquished.

Vanquished Creatures (others)
  12 ice beasts (D:6)
  An orc zombie (D:5)
13 creatures vanquished.

Grand Total: 270 creatures vanquished

Notes
Turn   | Place    | Note
--------------------------------------------------------------
     0 | D:1      | Johnny, the Demigod Ice Elementalist, began the quest for the Orb.
     0 | D:1      | Reached XP level 1. HP: 14/14 MP: 3/3
   439 | D:1      | Reached XP level 2. HP: 2/22 MP: 0/4
  1453 | D:2      | Found a deep blue altar of Sif Muna.
  1539 | D:2      | Reached skill level 1 in Armour
  1577 | D:2      | Reached XP level 3. HP: 19/27 MP: 1/8
  1657 | D:2      | Noticed Sigmund
  1688 | D:3      | Found a radiant altar of Vehumet.
  1703 | D:3      | Reached skill level 3 in Ice Magic
  1723 | D:3      | Reached skill level 1 in Fighting
  1793 | D:3      | Reached skill level 1 in Short Blades
  2137 | D:3      | Noticed a hill giant zombie
  2430 | D:2      | Killed Sigmund
  2430 | D:2      | Reached XP level 4. HP: 35/35 MP: 1/11
  2622 | D:2      | Learned a level 4 spell: Summon Ice Beast
  2749 | D:3      | Noticed an angel
  2750 | D:3      | Found a glowing silver altar of Zin.
  2831 | D:3      | Noticed a spatial vortex
  2831 | D:3      | Noticed a spatial vortex
  2831 | D:3      | Noticed a spatial vortex
  3089 | D:4      | Reached XP level 5. HP: 27/40 MP: 7/12
  3448 | D:4      | Reached skill level 1 in Evocations
  3452 | D:4      | Reached skill level 1 in Summonings
  3683 | D:4      | Reached XP level 6. HP: 35/45 MP: 7/15
  3759 | D:4      | Found a shattered altar of Ashenzari.
  4402 | D:5      | Entered Level 5 of the Dungeon
  4402 | D:5      | Found a shadowy altar of Dithmenos.
  4528 | D:5      | Reached XP level 7. HP: 28/52 MP: 11/18
  4980 | D:5      | Noticed Pikel
  4980 | D:5      | Found Ojaudiat's Assorted Antiques.
  5013 | D:5      | Killed Pikel
  5013 | D:5      | Reached skill level 4 in Ice Magic
  5060 | D:5      | Bought a scroll of identify for 42 gold pieces
  5060 | D:5      | Bought a potion of heal wounds for 63 gold pieces
  5060 | D:5      | Bought a scroll of identify for 42 gold pieces
  5437 | D:5      | Reached XP level 8. HP: 53/57 MP: 16/20
  5674 | D:5      | Found a sparkling altar of Nemelex Xobeh.
  5967 | D:5      | HP: 2/55 [ice beast (6)]
  6801 | D:6      | HP: 1/55 [ogre/giant spiked club (12)]
  6808 | D:6      | HP: 1/55 [bat zombie (1)]
  7080 | D:6      | Found a staircase to the Ecumenical Temple.
  7142 | D:6      | Found a snail-covered altar of Cheibriados.
  7149 | D:6      | Noticed a hellwing
  7931 | D:6      | Reached skill level 5 in Ice Magic
  8284 | D:6      | Reached XP level 9. HP: 59/63 MP: 23/23
  8548 | D:6      | Noticed Ijyb
  8554 | D:6      | Killed Ijyb
  8762 | D:6      | Slain by an orc warrior

Action                   |  1- 3 |  4- 6 |  7- 9 || total
-------------------------+-------+-------+-------++-------
Melee: Unarmed           |    16 |       |       ||    16
       Dagger            |    69 |       |       ||    69
       Cutlass           |   108 |   117 |   491 ||   716
 Cast: Freeze            |    17 |    51 |    28 ||    96
       Summon Ice Beast  |       |     1 |    47 ||    48
Evoke: Wand              |       |       |     3 ||     3
  Use: Scroll            |     5 |     1 |     4 ||    10
       Potion            |     4 |     4 |     2 ||    10
 Stab: Sleeping          |     2 |     3 |     6 ||    11
       Distracted        |     1 |       |     2 ||     3
       Invisible         |     1 |       |       ||     1
  Eat: Chunk             |     4 |     5 |    25 ||    34
       Royal jelly       |       |     1 |       ||     1
       Beef jerky        |       |     1 |       ||     1
       Pizza             |       |       |     1 ||     1
